 Dungeon Crawl Stone Soup version 0.27-a0-931-g5a74e75d8f (webtiles) character file.

Game seed: 8927244853507836296

11 Alarkh the Insei (level 2, 0/22 HPs)
             Began as a Demonspawn Gladiator on Apr 10, 2021.
             Slain by a kobold
             ... wielding a +2 short sword of flaming
              (1 damage)
             ... on level 1 of the Dungeon.
             The game lasted 00:00:40 (122 turns).

Alarkh the Insei (Demonspawn Gladiator)              Turns: 122, Time: 00:00:41

Health: 0/22       AC:  4    Str: 14    XL:     2   Next: 17%
Magic:  2/2        EV: 12    Int:  9    God:
Gold:   15         SH:  0    Dex: 14    Spells: 1/1 levels left

rFire    . . .     SeeInvis .     - Unarmed
rCold    . . .     Faith    .   (no shield)
rNeg     . . .     Spirit   .   a - +0 leather armour
rPois    .         Reflect  .   b - +0 helmet
rElec    .         Harm     .   (no cloak)
rCorr    .         Rampage  .   (no gloves)
Will     .....                  (no boots)
Stlth    +.........             (no amulet)
HPRegen  0.07/turn              (no ring)
MPRegen  0.16/turn              (no ring)

@: no status effects
A: magic regeneration
a: no special abilities


You were on level 1 of the Dungeon.
You visited 1 branch of the dungeon, and saw 1 of its levels.

You collected 15 gold pieces.

Inventory:

Missiles
 c - 3 throwing nets (quivered)
Armour
 a - a +0 leather armour (worn)
 b - a +0 helmet (worn)


   Skills:
 + Level 2.2 Fighting
 - Level 1.7 Throwing
 - Level 2.6 Dodging
 * Level 3.1 Unarmed Combat


You had one spell level left.
You didn't know any spells.
Your spell library was empty.

Dungeon Overview and Level Annotations

Branches:
Dungeon (1/15)

Altars:


Innate Abilities, Weirdness & Mutations

You regenerate magic rapidly.


Message History

The bat barely misses you.
You miss the bat. The bat closely misses you. x2
You hit the bat.
You kill the bat!
You have reached level 2!
Your demonic ancestry asserts itself...
Your magic begins to regenerate rapidly.
You hit the hobgoblin.
The hobgoblin is almost dead.
The hobgoblin misses you.
You hit the hobgoblin.
You kill the hobgoblin!
You barely miss the frilled lizard. You barely miss the frilled lizard.
The frilled lizard misses you.
You hit the frilled lizard.
You kill the frilled lizard!
Things that are here:
a jackal corpse; a jackal corpse
Found 3 gold pieces.
Things that are here:
a jackal corpse; a jackal corpse An endoplasm comes into view.
You can't go up here!
You are too injured to fight recklessly!
The endoplasm quivers.
You hit the endoplasm.
You kill the endoplasm!
A kobold comes into view.
It is wielding a +2 short sword of flaming.
The kobold shouts!
A frilled lizard comes into view.
The frilled lizard hisses angrily.
You hit the kobold.
The kobold is moderately wounded.
The kobold misses you.
You closely miss the kobold.
The kobold is moderately wounded.
The kobold hits you with a +2 short sword of flaming.
* * * LOW HITPOINT WARNING * * *
The kobold burns you.
You die...

#.###.# #.# ###.#.#### #.#
#........##############.#
#.##...l................#
####.##..##.##############.#
#....##..##.# #.#
#.##.....##.# #######.#
###.#####.....# .......†.
##≈#.#≈###..#.@# ###......
##≈P≈≈≈♣≈##..#.K# #.##..#
#≈P8P≈♣8♣ #..#..# # #..#
##≈P.<.♣≈##..#..# ###.##..#
#≈P...P≈##..#..# #.......#
#≈P8P.P8P≈##.#... $......##
##≈P...P≈## #.## #.#.#..
##≈#.#≈## #. #....## ###.###
#....


You could see a kobold and a frilled lizard.

Vanquished Creatures
  A bat (D:1)
  3 endoplasms (D:1)
  A hobgoblin (D:1)
  2 jackals (D:1)
  A quokka (D:1)
  A frilled lizard (D:1)
9 creatures vanquished.

Notes
Turn   | Place    | Note
-------+----------+-------------------------------------------
     0 | D:1      | Alarkh the Demonspawn Gladiator began the quest for the
                  | Orb.
     0 | D:1      | Reached XP level 1. HP: 16/16 MP: 1/1
    76 | D:1      | Reached skill level 3 in Unarmed Combat
    80 | D:1      | Gained mutation: You regenerate magic rapidly. [demonic
                  | ancestry]
    80 | D:1      | Reached XP level 2. HP: 4/22 MP: 2/2
   122 | D:1      | HP: 1/22 [kobold/+2 short sword of flaming (6)]
   122 | D:1      | Slain by a kobold

Illustrated notes

Levels and vault maps discovered:
D:1:      ldierk_walled_garden_2, layout_loops_ring

Skill      XL: |  1 |
---------------+----+-----
Unarmed Combat | 3 |  3.1
Fighting       | |  2.2
Throwing       | |  1.7
Dodging        | |  2.6

Action                   || total
-------------------------++-------
Melee: Unarmed           ||    27
Armor: Leather armour    ||     1
Dodge: Dodged            ||    16

Table legend: (Time is in decaauts)
 A = Elapsed time spent in this place.
 B = Non-inter-level travel time spent in this place.
 C = Inter-level travel time spent in this place.
 D = Time resting spent in this place.
 E = Time spent auto-exploring this place.
 F = Levels seen in this place.
 G = Mean time per level.
                   A        B        C        D        E       F      G
               +--------+--------+--------+--------+--------+-----+--------+
         Total |    121 |    100 |     21 |      0 |     58 |   1 |  121.0 |
       Dungeon |    121 |    100 |     21 |      0 |     58 |   1 |  121.0 |
               +--------+--------+--------+--------+--------+-----+--------+

Top non-repeatable levels by time:
     D:1: 121 daAuts
